| TOP OF THE 1ST |
|
Minnesota Twins batting - Pitching for Detroit Tigers : LHP Jon Dwight
|
|
Pitching: LHP Jon Dwight
|
|
|
Batting: RHB José Jiménez
|
0-0: Ground out 4-3 (Groundball, 34, EV 83.1 MPH)
|
|
Batting: LHB Raúl Fernández
|
0-0: Called Strike 0-1: Reached on error, E4 (Groundball, 4M, EV 100.0 MPH)
|
|
Batting: RHB Artie Cochran
|
0-0: Ball 1-0: Ball 2-0: Foul Ball, location: 2F 2-1: Called Strike 2-2: Strikes out swinging
|
|
Batting: RHB Gabriel Corporan
|
0-0: Called Strike 0-1: Ball 1-1: Fly out, F8 (Flyball, 89D, EV 101.3 MPH)
|
| Top of the 1st over - 0 runs, 0 hits, 1 error, 1 left on base; Minnesota 0 - Detroit 0 |
| BOTTOM OF THE 1ST |
|
Detroit Tigers batting - Pitching for Minnesota Twins : RHP Huascar Ynoa
|
|
Pitching: RHP Huascar Ynoa
|
|
|
Batting: RHB Orlando Arcia
|
0-0: Foul Ball, location: 9LDF 0-1: Foul Ball, location: 9LDF 0-2: Strikes out swinging
|
|
Batting: LHB Tad Johnson
|
0-0: Called Strike 0-1: Foul Ball, location: 7LMF 0-2: Strikes out swinging
|
|
Batting: RHB José Navarro
|
0-0: Foul Ball, location: 2F 0-1: Ball 1-1: Foul Ball, location: 5FF 1-2: Ground out 6-3 (Groundball, 6S, EV 70.0 MPH)
|
| Bottom of the 1st over - 0 runs, 0 hits, 0 errors, 0 left on base; Minnesota 0 - Detroit 0 |
| TOP OF THE 2ND |
|
Minnesota Twins batting - Pitching for Detroit Tigers : LHP Jon Dwight
|
|
Batting: LHB Andy Townsend
|
0-0: Ball 1-0: Fly out, F6 (Popup, 6, EV 60.6 MPH)
|
|
Batting: SHB Francisco Mejia
|
0-0: Reached on error, E4 (Groundball, 4, EV 93.1 MPH)
|
|
Batting: SHB Stan Jordan
|
0-0: Ball 1-0: SINGLE (Groundball, 4MD, EV 103.8 MPH) Francisco Mejia to second
|
|
Batting: RHB Greg Watts
|
0-0: Ball 1-0: Foul Ball, location: 2RF 1-1: Foul Ball, location: 9LDF 1-2: Ball 2-2: Ball 3-2: SINGLE (Line Drive, 8RS, EV 98.8 MPH) Francisco Mejia to third Stan Jordan to second Runner from 3rd tries for Home, SAFE, throw by CF to home
|
|
Batting: LHB Sojuro Iwamoto
|
0-0: Fly out, F5 (Popup, 5L, EV 73.1 MPH)
|
|
Batting: RHB José Jiménez
|
0-0: Foul Ball, location: 9LMF 0-1: Foul Ball, location: 9LSF 0-2: Ball 1-2: Strikes out swinging
|
| Top of the 2nd over - 1 run, 2 hits, 1 error, 2 left on base; Minnesota 1 - Detroit 0 |
| BOTTOM OF THE 2ND |
|
Detroit Tigers batting - Pitching for Minnesota Twins : RHP Huascar Ynoa
|
|
Batting: LHB Raúl González
|
0-0: Ball 1-0: SINGLE (Groundball, 6MD, EV 93.8 MPH)
|
|
Batting: RHB Johandry Cortez
|
0-0: Ball 1-0: Called Strike 1-1: Foul Ball, location: 2F 1-2: Foul Ball, location: 2F 1-2: Ball 2-2: Foul Ball, location: 25F 2-2: Strikes out swinging
|
|
Batting: LHB Dan Bradley
|
0-0: Ball 1-0: Fly out, F6 (Popup, 6, EV 55.0 MPH)
|
|
Batting: RHB Jose V. Almonte
|
0-0: Ball 1-0: Ball 2-0: Called Strike 2-1: Ball 3-1: Called Strike 3-2: Base on Balls Raúl González to second
|
|
Batting: LHB Luis Guillorme
|
0-0: Ball 1-0: Ball 2-0: Ball 3-0: Called Strike 3-1: Fly out, F9 (Flyball, 9D, EV 90.0 MPH)
|
| Bottom of the 2nd over - 0 runs, 1 hit, 0 errors, 2 left on base; Minnesota 1 - Detroit 0 |
| TOP OF THE 3RD |
|
Minnesota Twins batting - Pitching for Detroit Tigers : LHP Jon Dwight
|
|
Batting: LHB Raúl Fernández
|
0-0: Ball 1-0: Swinging Strike 1-1: Swinging Strike 1-2: Strikes out swinging
|
|
Batting: RHB Artie Cochran
|
0-0: Ball 1-0: Ball 2-0: Ground out 4-3 (Groundball, 4, EV 103.8 MPH)
|
|
Batting: RHB Gabriel Corporan
|
0-0: Foul Ball, location: 3F 0-1: Ball 1-1: Fly out, F8 (Flyball, 89D, EV 93.1 MPH)
|
| Top of the 3rd over - 0 runs, 0 hits, 0 errors, 0 left on base; Minnesota 1 - Detroit 0 |
| BOTTOM OF THE 3RD |
|
Detroit Tigers batting - Pitching for Minnesota Twins : RHP Huascar Ynoa
|
|
Batting: SHB Breyvic Valera
|
0-0: Ball 1-0: Ball 2-0: Called Strike 2-1: Swinging Strike 2-2: Ball 3-2: Strikes out swinging
|
|
Batting: RHB Orlando Arcia
|
0-0: Fly out, F6 (Line Drive, 6, EV 72.5 MPH)
|
|
Batting: LHB Tad Johnson
|
0-0: Called Strike 0-1: Ball 1-1: Ball 2-1: Ball 3-1: Foul Ball, location: 3F 3-2: SINGLE (Line Drive, 4D, EV 97.5 MPH)
|
|
Batting: RHB José Navarro
|
0-0: Swinging Strike 0-1: Fly out, F8 (Flyball, 8LXD, EV 110.6 MPH)
|
| Bottom of the 3rd over - 0 runs, 1 hit, 0 errors, 1 left on base; Minnesota 1 - Detroit 0 |
| TOP OF THE 4TH |
|
Minnesota Twins batting - Pitching for Detroit Tigers : LHP Jon Dwight
|
|
Batting: LHB Andy Townsend
|
0-0: Called Strike 0-1: Foul Ball, location: 9LDF 0-2: Ball 1-2: Foul Ball, location: 5SF 1-2: SINGLE (Flyball, 56D, EV 91.9 MPH) - OUT at second base trying to stretch hit.
|
|
Batting: SHB Francisco Mejia
|
0-0: Ball 1-0: Called Strike 1-1: Fly out, F6 (Line Drive, 6MD, EV 68.1 MPH)
|
|
Batting: SHB Stan Jordan
|
0-0: Called Strike 0-1: Ball 1-1: SINGLE (Line Drive, 8LS, EV 86.3 MPH)
|
|
Batting: RHB Greg Watts
|
0-0: Ball Wild Pitch! Stan Jordan to second 1-0: Foul Ball, location: 5F 1-1: SINGLE (Flyball, 6D, EV 104.4 MPH) Stan Jordan to third Runner from 3rd tries for Home, throw by CF and OUT! 8-2
|
| Top of the 4th over - 0 runs, 3 hits, 0 errors, 1 left on base; Minnesota 1 - Detroit 0 |
| BOTTOM OF THE 4TH |
|
Detroit Tigers batting - Pitching for Minnesota Twins : RHP Huascar Ynoa
|
|
Batting: LHB Raúl González
|
0-0: Fly out, F8 (Flyball, 8LD, EV 106.9 MPH)
|
|
Batting: RHB Johandry Cortez
|
0-0: Foul Ball, location: 23FF 0-1: Called Strike 0-2: Foul Ball, location: 2F 0-2: SOLO HOME RUN (Flyball, 9D, EV 95.6 MPH), Distance : 359 ft
|
|
Batting: LHB Dan Bradley
|
0-0: Called Strike 0-1: SINGLE (Line Drive, 9S, EV 95.0 MPH)
|
|
Batting: RHB Jose V. Almonte
|
0-0: Called Strike 0-1: Called Strike 0-2: Foul Ball, location: 9LMF 0-2: Strikes out looking
|
|
Batting: LHB Luis Guillorme
|
0-0: Foul Ball, location: 2F 0-1: Called Strike 0-2: Foul Ball, location: 3F 0-2: Foul Ball, location: 7LDF 0-2: Fly out, F5 (Popup, 56S, EV 78.8 MPH)
|
| Bottom of the 4th over - 1 run, 2 hits, 0 errors, 1 left on base; Minnesota 1 - Detroit 1 |
| TOP OF THE 5TH |
|
Minnesota Twins batting - Pitching for Detroit Tigers : LHP Jon Dwight
|
|
Batting: LHB Sojuro Iwamoto
|
0-0: Called Strike 0-1: Foul Ball, location: 9LSF 0-2: Ball 1-2: Foul Ball, location: 5DF 1-2: Fly out, F8 (Line Drive, 8LM, EV 85.0 MPH)
|
|
Batting: RHB José Jiménez
|
0-0: Called Strike 0-1: Ball 1-1: Ball 2-1: Ball 3-1: Base on Balls
|
|
Batting: LHB Raúl Fernández
|
0-0: Called Strike 0-1: Bunted foul 0-2: Ball 1-2: Fly out, F7 (Flyball, 7S, EV 73.1 MPH)
|
|
Batting: RHB Artie Cochran
|
0-0: Ball 1-0: Ball 2-0: Foul Ball, location: 2F 2-1: Foul Ball, location: 2F 2-2: Ball 3-2: Foul Ball, location: 2F 3-2: Strikes out swinging
|
| Top of the 5th over - 0 runs, 0 hits, 0 errors, 1 left on base; Minnesota 1 - Detroit 1 |
| BOTTOM OF THE 5TH |
|
Detroit Tigers batting - Pitching for Minnesota Twins : RHP Huascar Ynoa
|
|
Batting: SHB Breyvic Valera
|
0-0: Foul Ball, location: 2F 0-1: Foul Ball, location: 2F 0-2: Ball 1-2: SINGLE (Groundball, 4MD, EV 95.0 MPH)
|
|
Batting: RHB Orlando Arcia
|
0-0: Called Strike 0-1: Fly out, F6 (Popup, 6MS, EV 80.0 MPH)
|
|
Batting: LHB Tad Johnson
|
0-0: Foul Ball, location: 25F 0-1: Called Strike 0-2: Ball 1-2: Ball 2-2: Ball 3-2: Strikes out looking
|
|
Batting: RHB José Navarro
|
0-0: Called Strike 0-1: Ball 1-1: Ball 2-1: Ball 3-1: Called Strike 3-2: Strikes out swinging, 2-3 out at first.
|
| Bottom of the 5th over - 0 runs, 1 hit, 0 errors, 1 left on base; Minnesota 1 - Detroit 1 |
| TOP OF THE 6TH |
|
Minnesota Twins batting - Pitching for Detroit Tigers : LHP Jon Dwight
|
|
Batting: RHB Gabriel Corporan
|
0-0: Ball 1-0: SINGLE (Line Drive, 9S, EV 93.1 MPH)
|
|
Batting: LHB Andy Townsend
|
0-0: Called Strike 0-1: Foul Ball, location: 2F 0-2: Fly out, F8 (Flyball, 78D, EV 105.6 MPH)
|
|
Batting: SHB Francisco Mejia
|
0-0: Ball 1-0: Called Strike 1-1: Ball 2-1: Foul Ball, location: 3SF 2-2: Foul Ball, location: 9LDF 2-2: Fly out, F9 (Flyball, 9S, EV 91.9 MPH)
|
|
Batting: SHB Stan Jordan
|
0-0: Called Strike 0-1: Called Strike 0-2: Ball 1-2: Ball 2-2: Foul Ball, location: 9LSF 2-2: Strikes out swinging
|
| Top of the 6th over - 0 runs, 1 hit, 0 errors, 1 left on base; Minnesota 1 - Detroit 1 |
| BOTTOM OF THE 6TH |
|
Detroit Tigers batting - Pitching for Minnesota Twins : RHP Huascar Ynoa
|
|
Batting: LHB Raúl González
|
0-0: Ball 1-0: Ball 2-0: Foul Ball, location: 7LSF 2-1: Called Strike 2-2: Strikes out swinging
|
|
Batting: RHB Johandry Cortez
|
0-0: Called Strike 0-1: Foul Ball, location: 25F 0-2: Ball 1-2: Foul Ball, location: 2F 1-2: Foul Ball, location: 2F 1-2: Foul Ball, location: 3DF 1-2: Fly out, F8 (Flyball, 78D, EV 86.3 MPH)
|
|
Batting: LHB Dan Bradley
|
0-0: Swinging Strike 0-1: Ground out 4-3 (Groundball, 4D, EV 103.8 MPH)
|
| Bottom of the 6th over - 0 runs, 0 hits, 0 errors, 0 left on base; Minnesota 1 - Detroit 1 |
| TOP OF THE 7TH |
|
Minnesota Twins batting - Pitching for Detroit Tigers : LHP Jon Dwight
|
|
Batting: RHB Greg Watts
|
0-0: Ball 1-0: Called Strike 1-1: Called Strike 1-2: Foul Ball, location: 3F 1-2: Strikes out looking
|
|
Batting: LHB Sojuro Iwamoto
|
0-0: Ball 1-0: Swinging Strike 1-1: Called Strike 1-2: Ball 2-2: Fly out, F8 (Flyball, 8LM, EV 93.8 MPH)
|
|
Batting: RHB José Jiménez
|
0-0: Foul Ball, location: 2F 0-1: Foul Ball, location: 2F 0-2: Ball 1-2: Ball 2-2: Strikes out swinging
|
| Top of the 7th over - 0 runs, 0 hits, 0 errors, 0 left on base; Minnesota 1 - Detroit 1 |
| BOTTOM OF THE 7TH |
|
Detroit Tigers batting - Pitching for Minnesota Twins : RHP Huascar Ynoa
|
|
Pitching: RHP Anastasio López
|
|
|
Batting: RHB Jose V. Almonte
|
0-0: Ball 1-0: Called Strike 1-1: Fly out, F9 (Line Drive, 9S, EV 105.6 MPH)
|
|
Batting: LHB Luis Guillorme
|
0-0: Ball 1-0: Called Strike 1-1: Swinging Strike 1-2: Fly out, F9 (Flyball, 89M, EV 90.0 MPH)
|
|
Batting: SHB Breyvic Valera
|
0-0: Ball 1-0: Ball 2-0: Ball 3-0: Base on Balls
|
|
Batting: RHB Orlando Arcia
|
0-0: Called Strike 0-1: Ground out 6-3 (Groundball, P, EV 93.1 MPH)
|
| Bottom of the 7th over - 0 runs, 0 hits, 0 errors, 1 left on base; Minnesota 1 - Detroit 1 |
| TOP OF THE 8TH |
|
Minnesota Twins batting - Pitching for Detroit Tigers : LHP Jon Dwight
|
|
Pitching: LHP Jose Quijada
|
|
|
Pinch Hitting: RHB Lúcio Aguilar
|
0-0: Ball 1-0: Called Strike 1-1: Fly out, F8 (Line Drive, 8RS, EV 91.3 MPH)
|
|
Batting: RHB Artie Cochran
|
0-0: Ball 1-0: Fly out, F8 (Flyball, 89D, EV 90.0 MPH)
|
|
Batting: RHB Gabriel Corporan
|
0-0: Ground out 4-3 (Groundball, 4, EV 98.8 MPH)
|
| Top of the 8th over - 0 runs, 0 hits, 0 errors, 0 left on base; Minnesota 1 - Detroit 1 |
| BOTTOM OF THE 8TH |
|
Detroit Tigers batting - Pitching for Minnesota Twins : RHP Anastasio López
|
|
Pitching: LHP Luis Romano
|
|
|
Now in LF: Magneuris Sierra
|
|
|
Batting: LHB Tad Johnson
|
0-0: Ball 1-0: Swinging Strike 1-1: Fly out, F8 (Flyball, 78D, EV 99.4 MPH)
|
|
Batting: RHB José Navarro
|
0-0: Called Strike 0-1: Called Strike 0-2: Ground out 6-3 (Groundball, 6, EV 106.3 MPH)
|
|
Pinch Hitting: RHB Jimmy O'Molloy
|
0-0: Called Strike 0-1: Ball 1-1: Swinging Strike 1-2: Strikes out swinging
|
| Bottom of the 8th over - 0 runs, 0 hits, 0 errors, 0 left on base; Minnesota 1 - Detroit 1 |
| TOP OF THE 9TH |
|
Minnesota Twins batting - Pitching for Detroit Tigers : LHP Jose Quijada
|
|
Now in CF: Jose V. Almonte
|
|
|
Now in RF: Dan Jackson
|
|
|
Batting: RHB Alex Martin
|
0-0: Ball 1-0: Called Strike 1-1: Swinging Strike 1-2: Strikes out swinging
|
|
Batting: SHB Francisco Mejia
|
0-0: Ball 1-0: Called Strike 1-1: Called Strike 1-2: Fly out, F8 (Flyball, 8LM, EV 93.1 MPH)
|
|
Batting: SHB Stan Jordan
|
0-0: Ball 1-0: Called Strike 1-1: Ball 2-1: Called Strike 2-2: Ball 3-2: Foul Ball, location: 2F 3-2: SOLO HOME RUN (Flyball, 78XD, EV 98.8 MPH), Distance : 402 ft
|
|
Pitching: RHP Hugh Owens
|
|
|
Batting: RHB Greg Watts
|
0-0: Ball 1-0: Foul Ball, location: 2F 1-1: Ball 2-1: SINGLE (Flyball, 3D, EV 98.8 MPH)
|
|
Batting: LHB Sojuro Iwamoto
|
0-0: Called Strike Greg Watts steals 2nd base 0-1: Called Strike 0-2: Strikes out swinging
|
| Top of the 9th over - 1 run, 2 hits, 0 errors, 1 left on base; Minnesota 2 - Detroit 1 |
| BOTTOM OF THE 9TH |
|
Detroit Tigers batting - Pitching for Minnesota Twins : LHP Luis Romano
|
|
Pitching: RHP Pat Calhoun
|
|
|
Batting: RHB Johandry Cortez
|
0-0: Ball 1-0: Swinging Strike 1-1: Foul Ball, location: 2F 1-2: Ball 2-2: Ball 3-2: SINGLE (Line Drive, 78M, EV 109.4 MPH)
|
|
Batting: LHB Dan Bradley
|
0-0: Ball 1-0: Ball 2-0: Called Strike 2-1: SINGLE (Line Drive, 34D, EV 104.4 MPH) Johandry Cortez to second
|
|
Batting: RHB Jose V. Almonte
|
0-0: SINGLE (Line Drive, 7S, EV 104.4 MPH) Johandry Cortez to third Dan Bradley to second Runner from 3rd tries for Home, SAFE, throw by LF to home
|
|
Batting: LHB Luis Guillorme
|
0-0: Ball 1-0: Called Strike 1-1: Ball 2-1: Swinging Strike 2-2: Fly out, F9 (Line Drive, 9S, EV 81.3 MPH)
|
|
Batting: SHB Breyvic Valera
|
0-0: Fly out, F1 (Line Drive, P, EV 65.0 MPH)
|
|
Batting: RHB Orlando Arcia
|
0-0: Fielders Choice at 2nd, 6-4 (Groundball, 6, EV 106.9 MPH)
|
| Bottom of the 9th over - 1 run, 3 hits, 0 errors, 2 left on base; Minnesota 2 - Detroit 2 |
| TOP OF THE 10TH |
|
Minnesota Twins batting - Pitching for Detroit Tigers : RHP Hugh Owens
|
|
Sojuro Iwamoto starts the inning at 2nd base.
|
|
|
Pitching: LHP Clarence Rice
|
|
|
Batting: RHB José Jiménez
|
0-0: Called Strike 0-1: Foul Ball, location: 2F 0-2: Ball 1-2: Ground out 5-3 (Groundball, 56, EV 84.4 MPH) Sojuro Iwamoto to third
|
|
Batting: LHB Magneuris Sierra
|
0-0: Foul Ball, location: 3F 0-1: Foul Ball, location: 3F 0-2: Ball 1-2: SINGLE (Line Drive, 9S, EV 87.5 MPH) Sojuro Iwamoto scores
|
|
Batting: RHB Artie Cochran
|
0-0: Ball 1-0: Swinging Strike 1-1: Swinging Strike 1-2: Strikes out swinging
|
|
Batting: RHB Gabriel Corporan
|
0-0: Called Strike 0-1: Called Strike Magneuris Sierra steals 2nd base 0-2: Ball 1-2: Strikes out swinging
|
| Top of the 10th over - 1 run, 1 hit, 0 errors, 1 left on base; Minnesota 3 - Detroit 2 |
| BOTTOM OF THE 10TH |
|
Detroit Tigers batting - Pitching for Minnesota Twins : RHP Pat Calhoun
|
|
Orlando Arcia starts the inning at 2nd base.
|
|
|
Pitching: RHP Randy Lewis
|
|
|
Batting: LHB Tad Johnson
|
0-0: Foul Ball, location: 25FF 0-1: Fly out, F8 (Flyball, 8RD, EV 96.9 MPH) Runner from 2nd tags up, SAFE at 3rd, no throw by CF
|
|
Batting: RHB José Navarro
|
0-0: Foul Ball, location: 9LDF 0-1: Ball 1-1: Foul Ball, location: 9LSF 1-2: Strikes out swinging
|
|
Batting: RHB Dan Jackson
|
0-0: Called Strike 0-1: Ground out 6-3 (Groundball, 6, EV 101.9 MPH)
|
| Bottom of the 10th over - 0 runs, 0 hits, 0 errors, 1 left on base; Minnesota 3 - Detroit 2 |
|